 Dungeon Crawl Stone Soup version 0.28-a0-97-g102d6777a4 (webtiles) character file.

Game seed: 539264517239858410

1039 pokeman the Thaumaturge (level 8, 0/45 HPs)
             Began as a Deep Elf Hedge Wizard on Aug 9, 2021.
             Slain by a bullfrog zombie (6 damage)
             ... on level 5 of the Dungeon on Aug 10, 2021.
             The game lasted 00:12:01 (5966 turns).

pokeman the Thaumaturge (Deep Elf Hedge Wizard)     Turns: 5966, Time: 00:12:02

Health: 0/45       AC:  6    Str:  7    XL:     8   Next: 4%
Magic:  3/23       EV: 12    Int: 22    God:
Gold:   157        SH:  0    Dex: 14    Spells: 14/25 levels left

rFire   . . .      SeeInvis .   d - +1 mace (venom)
rCold   . . .      Faith    .   (no shield)
rNeg    . . .      Spirit   .   i - +2 leather armour {Will+}
rPois   .          Reflect  .   l - +0 helmet
rElec   .          Harm     .   (no cloak)
rCorr   .          Rampage  .   (no gloves)
Will    +....                   (no boots)
Stlth   ++........              (no amulet)
HPRegen 0.15/turn               (no ring)
MPRegen 0.18/turn               (no ring)

@: no status effects
A: no striking features
a: no special abilities


You were on level 5 of the Dungeon.
You visited 1 branch of the dungeon, and saw 5 of its levels.

You collected 157 gold pieces.

Inventory:

Hand Weapons
 d - a +1 mace of venom (weapon)
 k - a +0 shortbow
Missiles
 a - 87 arrows
Armour
 i - a +2 leather armour of willpower (worn)
 l - a +0 helmet (worn)
Wands
 b - a wand of mindburst (8)
 t - a wand of acid (5)
Scrolls
 f - a scroll of fear {unknown}
 g - a scroll of noise {unknown}
 h - a scroll of enchant armour {unknown}
 j - a scroll of enchant weapon {unknown}
 m - 3 scrolls of teleportation {unknown}
 n - a scroll of amnesia {unknown}
 p - a scroll of identify {unknown}
 r - a scroll of immolation {unknown}
 s - a scroll of acquirement {unknown}
Potions
 c - a potion of might {unknown}
 e - 4 potions of brilliance {unknown}
 o - a potion of lignification {unknown}
 q - a potion of curing {unknown}


   Skills:
 + Level 2.4 Fighting
 - Level 1.0 Armour
 - Level 3.0 Dodging
 - Level 3.0 Stealth
 * Level 9.0 Spellcasting
 + Level 4.5 Conjurations
 - Level 1.1 Summonings
 - Level 1.1 Translocations
 + Level 3.1 Fire Magic
 - Level 1.3 Air Magic
 - Level 1.1 Poison Magic
 - Level 1.0 Evocations


You had 14 spell levels left.
You knew the following spells:

 Your Spells              Type           Power      Damage    Failure   Level
a - Magic Dart            Conj           100%       1d8       1%          1
b - Mephitic Cloud        Conj/Pois/Air  20%        N/A       12%         3
c - Call Imp              Summ           14%        N/A       10%         2
d - Blink                 Tloc           N/A        N/A       10%         2
e - Conjure Flame         Conj/Fire      26%        6-21      6%          3

Your spell library contained the following spells:

 Spells                   Type           Power      Damage    Failure   Level
 Slow                     Hex            9%         N/A       14%         2
 Ozocubu's Armour         Ice            9%         N/A       28%         3
 Metabolic Englaciation   Hex/Ice        4%         N/A       95%         5
 Simulacrum               Ice/Necr       4%         N/A       100%        6


Dungeon Overview and Level Annotations

Branches:
Dungeon (5/15)
 Temple: D:4-7

Altars:


Message History

The hound is engulfed in noxious fumes.
The hound appears confused.
Unknown command.
Unknown command.
Things that are here:
a +0 flail; a wand of acid (5); a gnoll corpse
t - a wand of acid (5)
Casting: Mephitic Cloud (dangerous; 12% risk of failure)
Confirm with . or Enter, or press ? or * to list all spells.
A beastly little devil appears in a puff of flame.
The gnoll is engulfed in noxious fumes.
The gnoll appears confused.
A bullfrog zombie comes into view.
The gnoll is engulfed in noxious fumes.
The gnoll appears confused.
You are no longer corroded.
The hound barely misses your crimson imp.
Your crimson imp barely misses the hound.
The gnoll is engulfed in noxious fumes.
The gnoll appears confused.
Casting: Call Imp (safe; 10% risk of failure)
Confirm with . or Enter, or press ? or * to list all spells.
A beastly little devil appears in a puff of flame.
Your crimson imp blinks!
Unknown command.
Something misses your crimson imp.
Something closely misses your crimson imp.
Your crimson imp blinks!
Unknown command.
Your crimson imp hits the bullfrog zombie.
Your crimson imp blinks!
Casting: Call Imp (safe; 10% risk of failure)
Confirm with . or Enter, or press ? or * to list all spells.
The fire begins to smoulder!
The hound seems less confused.
A scorpion comes into view.
Something hits the scorpion.
Unknown command.
The hound bites something.
The bullfrog zombie smothers the flame.
Casting: Conjure Flame (dangerous; 6% risk of failure)
Confirm with . or Enter, or press ? or * to list all spells.
You blink.
There is an open door here.
The bullfrog zombie hits you.
You die...

....## #..........# .....#
#..........#
.....################o.........#
....##......##......##)###.....#
............#........)...#o....#
....##......#............#.....#
....##..5...'............#.....#
............#h.Z.........#.....#
....##...##.####@...##...#.....#
....##...##.# #....##...#.....#
.)........... ..........#...<.#
....................##.. #....†#
..).................# . #.....#
###'##...#######....# #.....#
#...# # #....# #.....# ... .
...... #.....# ... .. #.....#


You could see a hound and a bullfrog zombie.

Vanquished Creatures
  2 ogres (D:5)
  2 centaurs (D:4)
  A phantom (D:5)
  A scorpion (D:4)
  4 wights (D:4)
  A howler monkey (D:4)
  2 orc priests
  A jelly (D:5)
  Jessica (D:3)
  2 iguanas (D:5)
  An orc wizard (D:5)
  A hound skeleton (D:4)
  5 gnolls (D:5)
  7 adders
  A shadow imp (D:5)
  2 worms
  A dart slug (D:1)
  5 orcs
  2 bats
  8 endoplasms
  6 giant cockroaches
  11 goblins
  7 hobgoblins
  2 quokkas
  2 ball pythons (D:2)
  5 frilled lizards
  6 kobolds
  3 rats
92 creatures vanquished.

Vanquished Creatures (others)
  A gnoll (D:5)
  An orc (D:5)
2 creatures vanquished.

Grand Total: 94 creatures vanquished

Notes
Turn   | Place    | Note
-------+----------+-------------------------------------------
     0 | D:1      | pokeman the Deep Elf Hedge Wizard began the quest for the
                  | Orb.
     0 | D:1      | Reached XP level 1. HP: 10/10 MP: 7/7
   174 | D:1      | Reached XP level 2. HP: 12/15 MP: 1/9
   360 | D:1      | Found a faded altar of an unknown god.
   763 | D:1      | Reached skill level 5 in Spellcasting
  1270 | D:2      | Reached XP level 3. HP: 20/20 MP: 8/11
  1274 | D:2      | Learned a level 3 spell: Mephitic Cloud
  1277 | D:2      | Learned a level 2 spell: Call Imp
  1280 | D:2      | Learned a level 2 spell: Blink
  1284 | D:2      | Learned a level 3 spell: Conjure Flame
  1634 | D:2      | Reached skill level 1 in Armour
  1735 | D:2      | Reached skill level 1 in Fighting
  2643 | D:3      | Reached XP level 4. HP: 20/25 MP: 5/13
  3140 | D:3      | Reached skill level 1 in Fire Magic
  3220 | D:3      | Noticed Jessica
  3225 | D:3      | Killed Jessica
  3226 | D:3      | Reached skill level 6 in Spellcasting
  3226 | D:3      | Reached XP level 5. HP: 29/29 MP: 6/15
  3787 | D:4      | Noticed a centaur
  3804 | D:4      | Killed a centaur
  3805 | D:4      | Reached skill level 1 in Air Magic
  4215 | D:4      | Reached XP level 6. HP: 24/34 MP: 14/17
  4419 | D:4      | Reached skill level 7 in Spellcasting
  4595 | D:4      | Reached skill level 1 in Poison Magic
  4595 | D:4      | Reached skill level 1 in Evocations
  4981 | D:4      | Reached XP level 7. HP: 33/38 MP: 17/20
  5244 | D:5      | Entered Level 5 of the Dungeon
  5249 | D:5      | Reached skill level 8 in Spellcasting
  5825 | D:5      | Reached XP level 8. HP: 42/45 MP: 8/22
  5940 | D:5      | HP: 2/45 [gnoll (4)]
  5942 | D:5      | Reached skill level 9 in Spellcasting
  5966 | D:5      | Slain by a bullfrog zombie

Illustrated notes

Levels and vault maps discovered:
D:1:      heliophobic_arrival_battle_scene, layout_rooms,
          shapermc_ecumenical_altar_gd
D:2:      layout_loops_corners
D:3:      layout_basic, grunt_ministairs_13, hex_intersection, uniq_jessica
D:4:      layout_loops_cross
D:5:      layout_gridville, zin_statuary

Skill      XL: |  1  2  3  4  5  6  7  8 |
---------------+-------------------------+-----
Spellcasting   | 5 6 7 8 9 |  9.0
Armour         | 1 |  1.0
Fighting       | 1 2 |  2.4
Conjurations   | 2 3 4 |  4.5
Fire Magic     | 1 3 |  3.1
Dodging        | 3 |  3.0
Stealth        | 3 |  3.0
Air Magic      | 1 |  1.3
Poison Magic   | 1 |  1.1
Evocations     | 1 |  1.0
Summonings     | |  1.1
Translocations | |  1.1

Action                   |  1- 3 |  4- 6 |  7- 9 || total
-------------------------+-------+-------+-------++-------
Melee: Mace              |     8 |    23 |    27 ||    58
 Cast: Magic Dart        |   108 |    89 |    33 ||   230
       Mephitic Cloud    |       |     4 |    11 ||    15
       Conjure Flame     |       |     3 |     3 ||     6
       Call Imp          |       |     2 |     2 ||     4
       Blink             |       |       |     3 ||     3
 Stab: Sleeping          |     1 |     1 |     1 ||     3
       Confused          |       |     1 |       ||     1
Armor: Robe              |     1 |       |       ||     1
       Leather armour    |       |     9 |     9 ||    18
Dodge: Dodged            |    17 |    23 |    19 ||    59

Table legend: (Time is in decaauts)
 A = Elapsed time spent in this place.
 B = Non-inter-level travel time spent in this place.
 C = Inter-level travel time spent in this place.
 D = Time resting spent in this place.
 E = Time spent auto-exploring this place.
 F = Levels seen in this place.
 G = Mean time per level.
                   A        B        C        D        E       F      G
               +--------+--------+--------+--------+--------+-----+--------+
         Total |   5988 |   5802 |    186 |    304 |   4833 |   5 | 1197.6 |
       Dungeon |   5988 |   5802 |    186 |    304 |   4833 |   5 | 1197.6 |
               +--------+--------+--------+--------+--------+-----+--------+

Top non-repeatable levels by time:
     D:4: 1708 daAuts
     D:2: 1522 daAuts
     D:3: 1178 daAuts
     D:1: 1091 daAuts
     D:5: 487 daAuts
